 Dungeon Crawl Stone Soup version 0.26-a0-651-gb41185065b (webtiles) character file.

Game seed: 8445653495398572641

557 grandjackal the Slasher (level 7, 0/55 HPs)
             Began as a Demonspawn Gladiator on Sept 30, 2020.
             Was an Initiate of Kikubaaqudgha.
             Slain by a killer bee zombie (3 damage)
             ... in an ossuary.
             The game lasted 00:04:59 (4681 turns).

grandjackal the Slasher (Demonspawn Gladiator)      Turns: 4681, Time: 00:05:00

Health: 0/55       AC:  5    Str: 13 (16) XL:     7   Next: 9%
Magic:  0/7        EV: 14    Int:  9 (12) God:    Kikubaaqudgha [......]
Gold:   272        SH:  0    Dex: 16 (17) Spells: 6/6 levels left

rFire    + . .     SeeInvis .   a - +0 long sword
rCold    + . .     Faith    .   (no shield)
rNeg     . . .     Spirit   +   b - +0 leather armour
rPois    .         Reflect  .   (helmet restricted)
rElec    .         Harm     .   (no cloak)
rCorr    .         Rampage  .   o - +1 pair of gloves {Dex+3}
MR       .....                  (no boots)
Stlth    +.........             (no amulet)
HPRegen  0.18/turn              f - ring of protection from fire
MPRegen  0.20/turn              l - ring of protection from cold

@: mighty, flying
A: horns 2, magic shield, magic regeneration, big brain 1
a: Renounce Religion


You were in an ossuary.
You worshipped Kikubaaqudgha.
Kikubaaqudgha was noncommittal.
You visited 2 branches of the dungeon, and saw 6 of its levels.
You also visited: Ossuary.

You collected 272 gold pieces.

Inventory:

Hand Weapons
 a - a +0 long sword (weapon)
 n - a +0 great sword
Missiles
 d - 2 throwing nets (quivered)
Armour
 b - a +0 leather armour (worn)
 o - a +1 pair of gloves of dexterity (worn)
 w - a +0 buckler
Jewellery
 f - a ring of protection from fire (left hand)
 l - a ring of protection from cold (right hand)
Scrolls
 c - a scroll of fog {unknown}
 e - 3 scrolls of teleportation {unknown}
 i - 6 scrolls of identify {unknown}
 j - 2 scrolls of immolation {unknown}
 k - 3 scrolls of remove curse {unknown}
 p - a scroll of amnesia {unknown}
 s - a scroll of noise {unknown}
 v - a scroll of random uselessness {unknown}
Potions
 g - a potion of flight
 r - a potion of brilliance {unknown}
 u - a potion of cancellation {unknown}


   Skills:
 + Level 4.3 Fighting
 + Level 4.4 Long Blades
 - Level 1.7 Throwing
 - Level 4.2 Dodging
 + Level 1.1 Shields
 + Level 3.1 Necromancy


You had 6 spell levels left.
You didn't know any spells.
Your spell library was empty.

Dungeon Overview and Level Annotations

Branches:
Dungeon (4/15)             Temple (1/1) D:4         Ossuary (1/1)

Altars:
Kikubaaqudgha
Sif Muna


Innate Abilities, Weirdness & Mutations

You have a pair of horns on your head.
When hurt, damage is shared between your health and your magic reserves.
You regenerate magic rapidly.
You have an unusually large brain. (Int +2)


Message History

* * * LOW HITPOINT WARNING * * *
It was a potion of might.
You feel very mighty all of a sudden. The bog mummy hits you.
* * * LOW HITPOINT WARNING * * *
You slash the bog mummy!
You destroy the bog mummy!
Kikubaaqudgha accepts your kill.
The killer bee zombie closely misses you.
You hit the killer bee zombie.
The killer bee zombie is moderately damaged.
The killer bee zombie hits you.
* * * LOW HITPOINT WARNING * * *
The killer bee zombie barely misses you.
You slash the killer bee zombie! You headbutt the killer bee zombie!
The killer bee zombie is almost destroyed.
The killer bee zombie hits you but does no damage.
The killer bee zombie hits you.
You die...
Kikubaaqudgha rasps: "You have failed me!
Welcome... death!"

## # .#.#
###'#'#+#+#
#.'........
###.#####
#@ZZ#...#
###.'.∩.#
+.#..∩#
#.#####


+M' #.# +.# #M' +. You could see a killer bee zombie and a centaur zombie.

Vanquished Creatures
  2 ogres
  A howler monkey (D:4)
  A hound (D:4)
  An orc priest (D:3)
  A centaur skeleton (D:4)
  A killer bee zombie (Ossuary)
  A hound zombie (Ossuary)
  6 mummies
  A howler monkey zombie (Ossuary)
  2 adders
  An ooze (D:1)
  2 adder zombies (Ossuary)
  A worm (D:4)
  A dart slug (D:3)
  2 leopard geckos
  3 orcs (D:3)
  5 giant cockroaches
  9 goblins
  9 hobgoblins
  7 jackals (D:2)
  6 kobolds
  A quokka (D:4)
  8 bats
  A frilled lizard (D:3)
  A leopard gecko zombie (Ossuary)
  A quokka zombie (Ossuary)
  5 rats
80 creatures vanquished.

Vanquished Creatures (others)
  A human (D:2)
  5 withered plants (Ossuary)
6 creatures vanquished.

Grand Total: 86 creatures vanquished

Notes
Turn   | Place    | Note
-------+----------+-------------------------------------------
     0 | D:1      | grandjackal the Demonspawn Gladiator began the quest for
                  | the Orb.
     0 | D:1      | Reached XP level 1. HP: 16/16 MP: 1/1
   319 | D:1      | Gained mutation: When hurt, damage is shared between your
                  | health and your magic reserves. [demonic ancestry]
   319 | D:1      | Reached XP level 2. HP: 18/22 MP: 2/2
  1150 | D:2      | Gained mutation: You have a pair of small horns on your
                  | head. [demonic ancestry]
  1150 | D:2      | Reached XP level 3. HP: 28/28 MP: 3/3
  1328 | D:2      | Found a shimmering blue altar of Sif Muna.
  1485 | D:2      | Found an ancient bone altar of Kikubaaqudgha.
  1486 | D:2      | Noticed a human
  1488 | D:2      | Killed a human
  2287 | D:3      | Gained mutation: You have an unusually large brain. (Int
                  | +2) [demonic ancestry]
  2287 | D:3      | Reached XP level 4. HP: 30/35 MP: 4/4
  2388 | D:2      | Became a worshipper of Kikubaaqudgha
  3404 | D:4      | Noticed an ogre
  3407 | D:4      | Reached skill level 1 in Necromancy
  3407 | D:4      | Gained mutation: You regenerate magic rapidly. [demonic
                  | ancestry]
  3407 | D:4      | Reached XP level 5. HP: 28/41 MP: 2/5
  3526 | D:3      | Killed an ogre
  3779 | D:4      | Gained mutation: You have a pair of horns on your head.
                  | [demonic ancestry]
  3779 | D:4      | Reached XP level 6. HP: 48/48 MP: 6/6
  3911 | D:4      | Found a staircase to the Ecumenical Temple.
  3930 | D:4      | HP: 1/48 [ogre/+0 giant club (2)]
  3943 | Temple   | Entered the Ecumenical Temple
  4302 | D:4      | You fall into a shaft and drop 3 floors!
  4312 | D:7      | Found a sand-covered staircase.
  4367 | Ossuary  | Entered an ossuary
  4659 | Ossuary  | Reached XP level 7. HP: 51/54 MP: 7/7
  4672 | Ossuary  | Reached skill level 1 in Shields
  4681 | Ossuary  | Slain by a killer bee zombie

Illustrated notes

Levels and vault maps discovered:
D:1:      dpeg_arrival_tiny_f, layout_basic, minmay_misc_feat_cross,
          minivault_11
D:2:      layout_basic, led_sif_pool, tgw_kikubaaqudgha
D:3:      layout_loops_corners
D:4:      layout_loops_cross, yredelemnul_forgotten_temple_becter,
          minmay_temple_entry_grid, serial_shops, shop,
          chequers_serial_rivers_micro_b, hangedman_abyss_or_decor_stabs,
          lemuel_tele_altar
D:7:      layout_cave_pools, serial_column_ruins, column_ruins_open_large,
          column_ruins_open_small_water, column_ruins_open_tiny,
          column_ruins_columns_straight, column_ruins_grid_3,
          column_ruins_corridor_straight, column_ruins_open_medium,
          gup_ossuary_entry_pyramid
Temple:   dpeg_five_rooms_temple
Ossuary:  ossuary_zaba_flooded

Skill      XL: |  1  2  3  4  5  6  7 |
---------------+----------------------+-----
Long Blades    | 3 4 |  4.4
Dodging        | 3 4 |  4.2
Fighting       | 3 4 |  4.3
Necromancy     | 1 2 3 |  3.1
Shields        | 1 |  1.1
Throwing       | |  1.7

Action                   |  1- 3 |  4- 6 |  7- 9 || total
-------------------------+-------+-------+-------++-------
Melee: Long sword        |   103 |   109 |    17 ||   229
       Headbutt          |     7 |    33 |     7 ||    47
Throw: Throwing net      |       |     3 |       ||     3
  Use: Potion            |       |       |     5 ||     5
 Stab: Held in net/web   |       |     1 |       ||     1
       Sleeping          |       |     1 |       ||     1
Armor: Leather armour    |    27 |    21 |     1 ||    49
Dodge: Dodged            |    82 |    78 |     7 ||   167
       Rpst.: Long sword |    22 |    19 |     1 ||    42

Table legend: (Time is in decaauts)
 A = Elapsed time spent in this place.
 B = Non-inter-level travel time spent in this place.
 C = Inter-level travel time spent in this place.
 D = Time resting spent in this place.
 E = Time spent auto-exploring this place.
 F = Levels seen in this place.
 G = Mean time per level.
                   A        B        C        D        E       F      G
               +--------+--------+--------+--------+--------+-----+--------+
         Total |   4733 |   4535 |    198 |   1270 |   2650 |   7 |  676.1 |
       Dungeon |   4128 |   3930 |    198 |    756 |   2650 |   5 |  825.6 |
        Temple |    280 |    280 |      0 |    279 |      0 |   1 |  280.0 |
       Ossuary |    324 |    324 |      0 |    235 |      0 |   1 |  324.0 |
               +--------+--------+--------+--------+--------+-----+--------+

Top non-repeatable levels by time:
     D:3: 1451 daAuts
     D:2: 1316 daAuts
     D:1: 1033 daAuts
 Ossuary: 324 daAuts
  Temple: 280 daAuts
     D:4: 261 daAuts
     D:7: 65 daAuts
